 Dungeon Crawl Stone Soup version 0.30-a0-939-gc8157cb160 (webtiles) character file.

Game seed: 8998407592041043145

42 2tousent the Grave Robber (level 3, -1/26 HPs)
             Began as a Demonspawn Necromancer on Mar 25, 2023.
             Slain by Natasha (5 damage)
             ... on level 2 of the Dungeon.
             The game lasted 00:01:54 (1161 turns).

2tousent the Grave Robber (Demonspawn Necromancer)  Turns: 1161, Time: 00:01:55

Health: -1/26      AC:  2    Str:  8    XL:     3   Next: 33%
Magic:  4/6        EV: 17    Int: 18    God:
Gold:   39         SH:  0    Dex: 13    Spells: 5/6 levels left

rFire   . . .      SeeInvis .    e - +2 dagger (pain)
rCold   . . .      Faith    .    (no shield)
rNeg    . . .      Spirit   .    a - +0 robe
rPois   .          Reflect  .    (no helmet)
rElec   .          Rampage  .    (no cloak)
rCorr   .                        (no gloves)
Will    .....                    (no boots)
Stlth   ++                       (no amulet)
HPRegen 0.24/turn                h - +5 ring of evasion
MPRegen 0.10/turn                (no ring)

@: no status effects
A: demonic guardian 1
a: no special abilities


You were on level 2 of the Dungeon.
You visited 1 branch of the dungeon, and saw 2 of its levels.

You collected 39 gold pieces.

Inventory:

Hand Weapons
 e - a +2 dagger of pain (weapon)
Armour
 a - a +0 robe (worn)
Jewellery
 h - a +5 ring of evasion (left hand)
Scrolls
 c - a scroll of noise {unknown}
 d - a scroll of immolation {unknown}
 f - 3 scrolls of identify {unknown}
 k - a scroll of enchant armour {unknown}
 n - a scroll of fog {unknown}
 o - 3 scrolls of fear {unknown}
Potions
 b - a potion of magic
 g - a potion of ambrosia {unknown}
 i - a potion of curing {unknown}
 j - 2 potions of degeneration {unknown}
 l - a potion of lignification {unknown}
 m - a potion of mutation {unknown}


   Skills:
 + Level 1.5 Fighting
 - Level 1.7 Dodging
 - Level 1.7 Stealth
 - Level 2.0 Spellcasting
 * Level 5.3 Necromancy


You had 5 spell levels left.
You knew the following spells:

 Your Spells              Type           Power      Damage    Failure   Level
a - Necrotise             Necr           84%        1d8       1%          1

Your spell library contained the following spells:

 Spells                   Type           Power      Damage    Failure   Level
 Vampiric Draining        Necr           21%        2d7       6%          3
 Animate Dead             Necr           21%        N/A       21%         4
 Agony                    Necr           21%        N/A       50%         5


Dungeon Overview and Level Annotations

Branches:
Dungeon (2/15)

Altars:

Annotations:
D:2 Natasha


Innate Abilities, Weirdness & Mutations

A weak demonic guardian rushes to your aid.


Message History

The dead are walking!
HP restored.
Magic restored.
You swap places.
Your goblin skeleton crumbles into dust!
An adder comes into view.
An adder is nearby!
Found 10 gold pieces.
The adder misses you.
The adder writhes in agony.
The adder closely misses you.
The adder writhes in agony.
The adder misses you. The adder closely misses you.
The adder writhes in agony!
The adder barely misses you.
You hit the adder.
You kill the adder!
Natasha, Servant of Life and Death comes into view.
You see here an adder corpse.
Natasha is nearby!
A giant cockroach comes into view.
Natasha hisses angrily.
Natasha casts a spell at you. The magic dart hits you.
Natasha barely resists.
Natasha writhes in agony.
Natasha claws you!
You hit Natasha but do no damage.
Natasha writhes in agony.
Natasha is heavily wounded.
Natasha mumbles some strange words.
Natasha glows brightly for a moment.
Natasha completely misses you.
You hit Natasha but do no damage.
Natasha writhes in agony.
Natasha is severely wounded.
Natasha claws you.
You closely miss Natasha.
Natasha is severely wounded.
The giant cockroach bites you. Natasha claws you!
* * * LOW HITPOINT WARNING * * *
A demonic guardian appears!
The giant cockroach misses you.
You are too injured to fight recklessly!
Unknown command.
Natasha attacks as you move away! Natasha claws you.
You die...

###..## #...##
##########.###
#..........#
#.##########
#.# ######
##.# .....#
#..###B....##
#.†..@h......
#....$5.......
#.......###...
#.......# .
.........#
####......#
#......#
########


You could see Natasha (ally target), a giant cockroach and a friendly ufetubus
(summoned).

Vanquished Creatures
  An adder (D:2)
  3 endoplasms
  2 giant cockroaches (D:1)
  6 goblins
  2 hobgoblins (D:1)
  5 jackals (D:1)
  2 ball pythons (D:1)
  5 bats (D:1)
  A rat (D:1)
27 creatures vanquished.

Vanquished Creatures (collateral kills)
  A ball python (D:1)
  A frilled lizard (D:1)
2 creatures vanquished.

Grand Total: 29 creatures vanquished

Notes
Turn   | Place    | Note
-------+----------+-------------------------------------------
     0 | D:1      | 2tousent the Demonspawn Necromancer began the quest for the
                  | Orb.
     0 | D:1      | Reached XP level 1. HP: 13/13 MP: 3/3
   109 | D:1      | Gained mutation: A weak demonic guardian rushes to your
                  | aid. [demonic ancestry]
   109 | D:1      | Reached XP level 2. HP: 12/20 MP: 0/5
   274 | D:1      | Reached skill level 1 in Fighting
   436 | D:1      | Reached skill level 5 in Necromancy
   849 | D:1      | Reached XP level 3. HP: 26/26 MP: 2/6
  1152 | D:2      | Noticed Natasha
  1161 | D:2      | Slain by Natasha

Illustrated notes

Levels and vault maps discovered:
D:1:      co_arrival_random_square_maze, layout_loops_ring, minmay_tetromino_i4
D:2:      minmay_door_path, layout_basic, ebering_ecumenical_altar_ruins,
          grunt_decor_one_mirror, uniq_robin, uniq_natasha

Skill      XL: |  1  2 |
---------------+-------+-----
Fighting       | 1 |  1.5
Necromancy     | 5 |  5.3
Dodging        | |  1.7
Stealth        | |  1.7
Spellcasting   | |  2.0

Action                     || total
---------------------------++-------
  Melee: Dagger            ||    28
         Unarmed           ||     1
   Cast: Necrotise         ||    33
   Stab: Sleeping          ||     1
 Armour: Robe              ||     5
  Dodge: Dodged            ||    29

Table legend: (Time is in decaauts)
 A = Elapsed time spent in this place.
 B = Non-inter-level travel time spent in this place.
 C = Inter-level travel time spent in this place.
 D = Time resting spent in this place.
 E = Time spent auto-exploring this place.
 F = Levels seen in this place.
 G = Mean time per level.
                   A        B        C        D        E       F      G
               +--------+--------+--------+--------+--------+-----+--------+
         Total |   1159 |   1117 |     42 |      0 |    967 |   2 |  579.5 |
       Dungeon |   1159 |   1117 |     42 |      0 |    967 |   2 |  579.5 |
               +--------+--------+--------+--------+--------+-----+--------+

Top non-repeatable levels by time:
     D:1: 1069 daAuts
     D:2: 90 daAuts
